K2, neutral male human Tourist ------------------------ |.........@.Bb.f..BS..@| |.%-------------------M| ----.| ----- |.| |..|.-- --...| |.| |.....|--|..`.| |.| |.....|..|....| |.| --....|..%..`-- |.| |.......|...| ------|.| |....|..|%..| --|[.[[.|.| |....---|.%.| |.-.....|.| |.......|..-- |-|.....|.| ----....|.-- |.-%....-.| ---.--.| |-|..)..|-- |.....| |.-..%.%| |>.|..| --|.....| ------- ------- K2 the Excursionist Experience level: 9 Strength: 25 Dexterity: 13 Constitution: 17 Intelligence: 13 Wisdom: 10 Charisma: 14 Health: 0(80) Energy: 28(28) Def: 8 Gold: 2095 Moves: 12911 Dungeon seed: IGVigihmR_1Vv2oh Game ID: K2_1476024708 Your Inventory: Coins $ - 2095 gold pieces Amulets e - an uncursed amulet of reflection (being worn) o - an uncursed amulet versus poison Weapons a - an uncursed +2 dagger (weapon in hand) h - a blessed +1 dagger (in quiver) i - 6 uncursed +0 daggers m - an uncursed +1 dagger J - a blessed +1 orcish dagger L - 2 uncursed +0 elven daggers Armor A - an uncursed +0 oilskin cloak (being worn) B - an uncursed +0 studded leather armor (being worn) C - an uncursed +0 Hawaiian shirt (being worn) D - an uncursed +0 helm of telepathy (being worn) E - an uncursed +0 pair of gauntlets of power (being worn) F - a blessed +1 pair of low boots (being worn) Comestibles j - an uncursed tin of giant rat meat z - an uncursed pear H - 5 uncursed food rations O - 2 uncursed eggs Q - an uncursed carrot S - an uncursed lizard corpse Scrolls G - 2 uncursed scrolls of earth Potions c - an uncursed potion of healing g - an uncursed potion of enlightenment T - a blessed potion of oil U - a cursed potion of extra healing Rings P - an uncursed ring of sustain ability W - a cursed ring of free action Wands f - an uncursed wand of death (0:5) y - an uncursed wand of striking (0:7) K - an uncursed wand of light (0:12) V - an uncursed wand of light (0:10) X - an uncursed wand of slow monster (0:1) Y - an uncursed wand of create monster (0:13) Tools k - an uncursed credit card t - an uncursed towel u - an uncursed +0 unicorn horn Gems d - an uncursed worthless piece of black glass Spells and supernatural/magical abilities: Name Level Category Fail Memory a - force bolt 1 attack 85% 47% n - detect monsters 1 divination 85% 58% u - confuse monster 2 enchantment 92% 41% W - pray for help -- divine ? -- Your skills at the end: Fighting Skills wands [Basic] Weapon Skills dagger [Expert] dart [Skilled] Spellcasting Skills Final Attributes: You were piously aligned. You were poison resistant. You were telepathic. You had reflection. You are dead. Vanquished creatures: 2 ghosts 2 giant mimics a large mimic a long worm an ettin mummy 2 freezing spheres a tiger a tengu a chameleon a crocodile 2 giant beetles a quivering blob a cockatrice 2 winter wolf cubs a lynx 16 leprechauns a giant spider a black light 3 vampire bats 2 ogres an owlbear a lizard a dog 2 dingos a jaguar 4 dwarf lords a white unicorn a black unicorn a gnome mummy a snake an ape a rope golem 4 Woodland-elves a bugbear a water nymph a mountain nymph 4 rock piercers 4 rock moles 3 fog clouds 3 yellow lights a shrieker a violet fungus 4 gnome lords 2 gnomish wizards a black naga hatchling 3 gray oozes 5 elf zombies a straw golem a paper golem 10 giant ants 2 little dogs 6 floating eyes a kitten 4 dwarves 6 homunculi 3 kobold lords a kobold shaman 13 hill orcs 7 rothes a rabid rat 2 centipedes 3 giant bats 3 orc zombies 2 dwarf zombies 2 werejackals 8 iguanas 15 killer bees an acid blob 4 coyotes 6 hobbits 4 manes 2 large kobolds 6 hobgoblins 3 giant rats 10 cave spiders a brown mold a yellow mold 3 green molds 3 gnomes a garter snake 7 geckos 7 jackals 3 foxes 3 kobolds 7 goblins 3 sewer rats 8 grid bugs 3 bats 7 lichens a kobold zombie 14 newts 296 creatures vanquished. Voluntary challenges: You used a wielded weapon 462 times, starting on turn 1053. You read items or engraved 10 times, starting on turn 1015. You never genocided any monsters. You never polymorphed an object. You never changed form. You used no wishes. You never split a pudding. You never wrote Elbereth's name. You never violated your personal moral code. You abstained from Elbereth's help. Dungeon overview: The Dungeons of Doom: levels 1 to 9 Level 1 an altar to The Lady, some fountains a long staircase Level 2 Level 3 an armor shop a long staircase Level 4 a general store, an altar to The Lady Level 5 a fountain Level 6 some fountains Level 7 a general store, some fountains Level 8 many fountains Level 9 a fountain stairs to Sokoban Sokoban: levels 5 to 8 Level 5 <- You were here Level 6 Level 7 Level 8 stairs to The Dungeons of Doom History has recorded: On T:1 you entered the Dungeons of Doom to retrieve the Amulet of Yendor! On T:341 you reached level 2 of The Dungeons of Doom. On T:436 you advanced to experience level 2. On T:825 you advanced to experience level 3. On T:1052 you reached level 3 of The Dungeons of Doom. On T:1325 you advanced to experience level 4. On T:1548 you reached level 4 of The Dungeons of Doom. On T:1899 you advanced to experience level 5. On T:2742 you reached level 5 of The Dungeons of Doom. On T:2927 you advanced to experience level 6. On T:3637 you advanced to experience level 7. On T:4500 you reached level 6 of The Dungeons of Doom. On T:5412 you reached level 7 of The Dungeons of Doom. On T:6272 you advanced to experience level 8. On T:8049 you reached level 8 of The Dungeons of Doom. On T:8618 you reached level 4 of Sokoban. On T:9297 you advanced to experience level 9. On T:10650 you reached level 3 of Sokoban. On T:11250 you reached level 2 of Sokoban. On T:11676 you reached level 1 of Sokoban. Score breakdown: Gold: 1146 (10407 points) Experience: 9 levels (15756 points) Exploration: 9 levels ( 16.98%) (11766 points) Discoveries: 20 items ( 6.64%) ( 7733 points) Valuables value: (no points given unless you survive) Artifact value: 0 ( 0 points) Variety of kills: 91 monsters ( 23.76%) (14623 points) Turncount: 12911 turns (-2756 points) Survival: died (score multiplied by 80%) Total score: 46023 Latest messages: $ - 15 gold pieces. There are a few objects here. (2x) You finish searching. You see here a giant mimic corpse. (2x) You start removing your pair of gauntlets of power. You take off your pair of gauntlets of power. You fail to cast the spell correctly. The force bolt hits the green mold! The green mold is killed! You start equipping your pair of gauntlets of power. You are now wearing a pair of gauntlets of power. $ - 155 gold pieces. The door opens. The human mummy hits! (4x) The human mummy misses. The human mummy hits! (10x) You die... Final status: Aloha K2 the Tourist, killed by a human mummy... You died in Sokoban on dungeon level 5 with 46023 points, and 2095 pieces of gold, after 12911 moves. You were level 9 with a maximum of 80 hit points when you died.